 Dungeon Crawl Stone Soup version 0.23.2 (webtiles) character file.

Game seed: 1591474617703095546

8288 Borgoz the Slicer (level 11, -1/66 HPs)
             Began as a Gargoyle Gladiator on Apr 7, 2019.
             Was a Follower of Ashenzari.
             Slain by a troll (9 damage)
             ... on level 11 of the Dungeon.
             The game lasted 00:18:47 (10454 turns).

Borgoz the Slicer (Gargoyle Gladiator)             Turns: 10454, Time: 00:18:48

Health: -1/66      AC: 26    Str: 21    XL:     11   Next: 28%
Magic:  17/17      EV: 15    Int:  9    God:    Ashenzari [*.....]
Gold:   165        SH:  0    Dex: 17    Spells: 17/18 levels left

rFire    . . .     SeeInvis .   a - +0 dagger (elec)
rCold    . . .     Gourm    .   (no shield)
rNeg     + . .     Faith    .   r - +0 scale mail (curse)
rPois    ∞         Spirit   .   c - +0 helmet
rElec    +         Reflect  .   u - +1 cloak
rCorr    .         Harm     .   M - +2 pair of gloves {archery}
MR       .....                  L - +3 pair of boots "Waemn" {rPois}
Stlth    ++........             w - amulet of rage
HPRegen  0.21/turn              h - +3 ring of dexterity
MPRegen  0.15/turn              A - +3 ring of strength

@: berserk cooldown
A: negative energy resistance 1, electricity resistance, unbreathing,
petrification resistance, rot immunity, AC +8
a: Curse Item, Scrying, Renounce Religion, Evoke Berserk Rage


You were on level 11 of the Dungeon.
You worshipped Ashenzari.
Ashenzari was aware of your devotion.
You were not hungry.

You visited 2 branches of the dungeon, and saw 12 of its levels.

You collected 768 gold pieces.
You spent 603 gold pieces at shops.

Inventory:

Hand Weapons
 a - a +0 dagger of electrocution (weapon)
 b - a +0 dagger of venom
 y - a +0 rapier
Armour
 c - a +0 helmet (worn)
 r - a cursed +0 scale mail (worn)
 u - a +1 cloak (worn)
 E - a +3 leather armour
 L - the +3 pair of boots "Waemn" (worn) {rPois}
   (You bought it in a shop on level 6 of the Dungeon)

   It protects you from poison.
 M - a +2 pair of gloves of archery (worn)
Jewellery
 h - a +3 ring of dexterity (left hand)
 w - an amulet of rage (around neck)
 A - a +3 ring of strength (right hand)
 D - an uncursed ring of stealth
Wands
 n - a wand of polymorph (11)
 B - a wand of disintegration (6)
 F - a wand of iceblast (13)
 J - a wand of enslavement (11)
Scrolls
 e - 6 scrolls of remove curse
 i - 4 scrolls of fog
 k - 5 scrolls of fear
 l - a scroll of enchant armour
 m - 4 scrolls of teleportation
 t - 3 scrolls of blinking
Potions
 g - a potion of agility
 j - a potion of berserk rage {unknown}
 o - a potion of might {unknown}
 q - a potion of lignification {unknown}
 s - 2 potions of magic
 x - a potion of haste {unknown}
 C - 3 potions of curing
 G - a potion of brilliance {unknown}
 I - a potion of resistance
 K - a potion of mutation
Comestibles
 f - 15 rations
 v - 2 chunks of flesh


   Skills:
 + Level 6.7 Fighting
 * Level 8.2 Short Blades
 - Level 1.7 Throwing
 + Level 5.9 Armour
 * Level 7.4 Dodging
 + Level 6.9 Stealth
 + Level 4.2 Spellcasting
 + Level 4.2 Hexes
 + Level 2.8 Evocations


You had 17 spell levels left.
You knew the following spells:

 Your Spells              Type           Power        Failure   Level  Hunger
a - Confusing Touch       Hex            #.....       12%         1    #......

Your spell library contained the following spells:

 Spells                   Type           Power        Failure   Level  Hunger
 Corona                   Hex            #......      12%         1    #......
 Confuse                  Hex            #.......     34%         3    ###....
 Tukima's Dance           Hex            #.......     34%         3    ###....
 Ensorcelled Hibernation  Hex/Ice        #.....       38%         2    ###....
 Animate Skeleton         Necr           N/A          56%         1    #......
 Apportation              Tloc           #.....       56%         1    #......
 Summon Small Mammal      Summ           #...         56%         1    #......
 Dazzling Spray           Conj/Hex       #.....       63%         3    ###....


Dungeon Overview and Level Annotations

Branches:
Dungeon (11/15)            Temple (1/1) D:6            Lair (0/6) D:11
    Orc: D:9-12

Altars:
Ashenzari
Cheibriados
Dithmenos
Elyvilon
Fedhas
Gozag
Hepliaklqana
Kikubaaqudgha
Makhleb
Nemelex Xobeh
Okawaru
Qazlal
Ru
Sif Muna
Trog
Uskayaw
Vehumet
Wu Jian
Xom
Yredelemnul
Zin
The Shining One

Shops:
D:5 (   D:6 [   D:9 ?

Annotations:
D:6 3 runed translucent doors, Paps's ghost, novice OpFi; Sassenached's ghost, novice DsFE; dvd's ghost, novice OpEE


Innate Abilities, Weirdness & Mutations

You are resistant to torment.
Your stone body is resilient. (AC +8)
You are immune to poison.
You resist negative energy. (rN+)
You are resistant to electric shocks. (rElec)
You can survive without breathing.
You are immune to petrification.
You are immune to rotting.


Message History

The troll is moderately wounded.
You completely miss the troll.
The troll is moderately wounded.
The troll bites you but does no damage. The troll claws you but does no damage.
The troll claws you.
* * * LOW HITPOINT WARNING * * *
You hit the troll but do no damage.
The troll is moderately wounded.
You hit the troll but do no damage. Lightning courses through the troll!
The troll is heavily wounded.
The troll bites you but does no damage. The troll claws you.
* * * LOW HITPOINT WARNING * * *
The troll barely misses you.
You closely miss the troll.
The troll is heavily wounded.
The troll bites you but does no damage. The troll misses you.
The troll claws you.
* * * LOW HITPOINT WARNING * * *
You feel better. The troll barely misses you. The troll claws you!
You die...

######
#...T#
#...@#
#....#
#....#
#.....
#####
#....#.
##..Y.
####.##
#..###
#..
#...##
##.
###...
#........


You could see a troll.

Vanquished Creatures
  A centaur warrior (D:10)
  3 death yaks
  An unseen horror (D:11)
  A hornet (D:10)
  A wraith (D:10)
  A wyvern (D:8)
  3 yaks (D:10)
  2 hungry ghosts
  Menkaure (D:5)
  2 ice beasts
  2 necrophages
  8 orc warriors
  A black bear (D:8)
  A sky beast (D:7)
  A phantom (D:7)
  4 centaurs
  3 ogres
  A big kobold (D:8)
  4 bullfrogs
  3 scorpions
  4 crimson imps
  A centaur zombie (D:7)
  2 quasits
  A bullfrog zombie (D:10)
  A hound (D:6)
  Crazy Yiuf (D:3)
  A jelly (D:7)
  9 orc wizards
  10 orc priests
  2 centaur skeletons (D:9)
  4 iguanas
  7 worker ants
  A hound skeleton (D:9)
  A howler monkey zombie (D:7)
  4 gnolls (D:6)
  9 adders
  A shadow imp (D:11)
  3 oozes
  2 adder skeletons
  An adder zombie (D:5)
  2 worms
  4 dart slugs
  4 leopard geckos
  51 orcs
  A ball python (D:5)
  6 giant cockroaches
  5 hobgoblins
  17 jackals
  13 kobolds
  6 quokkas
  4 bats
  8 frilled lizards
  5 goblins
  A quokka skeleton (D:7)
  A quokka zombie (D:7)
  6 rats
243 creatures vanquished.

Vanquished Creatures (others)
  4 withered plants (D:6)
4 creatures vanquished.

Grand Total: 247 creatures vanquished

Notes
Turn   | Place    | Note
-------+----------+-------------------------------------------
     0 | D:1      | Borgoz the Gargoyle Gladiator began the quest for the Orb.
     0 | D:1      | Reached XP level 1. HP: 12/12 MP: 1/1
    76 | D:1      | You fall through a shaft!
   133 | D:2      | Reached XP level 2. HP: 10/17 MP: 2/2
   397 | D:2      | Reached skill level 3 in Short Blades
   498 | D:1      | Reached skill level 1 in Stealth
   507 | D:1      | Reached XP level 3. HP: 21/22 MP: 3/3
   988 | D:2      | Found an ancient bone altar of Kikubaaqudgha.
   994 | D:2      | Found a blossoming altar of Fedhas.
  1276 | D:2      | Reached skill level 1 in Armour
  1279 | D:2      | Reached XP level 4. HP: 27/27 MP: 4/4
  1654 | D:3      | Found a runed translucent door.
  1655 | D:3      | Noticed Crazy Yiuf
  1928 | D:3      | Reached XP level 5. HP: 23/32 MP: 5/5
  2103 | D:3      | Noticed a +0 dagger
  2103 | D:3      | Noticed a +0 dagger
  2168 | D:3      | Found a hide-covered altar of Uskayaw.
  2308 | D:3      | Found a hazy altar of Hepliaklqana.
  2569 | D:3      | Killed Crazy Yiuf
  2617 | D:4      | Noticed a necrophage
  2629 | D:4      | Killed a necrophage
  2629 | D:4      | Reached skill level 4 in Short Blades
  2629 | D:4      | Reached XP level 6. HP: 29/37 MP: 6/6
  3039 | D:4      | Found a bloodstained altar of Trog.
  3586 | D:5      | Entered Level 5 of the Dungeon
  3598 | D:5      | Found an ornate altar of the Wu Jian Council.
  3658 | D:5      | Found Arrillaf's Weapon Boutique.
  3670 | D:5      | Bought a +0 dagger of electrocution for 77 gold pieces
  3725 | D:5      | Found a stormy altar of Qazlal.
  3737 | D:5      | Reached XP level 7. HP: 37/41 MP: 7/7
  3958 | D:5      | Noticed Menkaure
  3964 | D:5      | Killed Menkaure
  4311 | D:6      | Found a runed translucent gate.
  4311 | D:6      | Found a runed translucent gate.
  4311 | D:6      | Found a runed translucent gate.
  4344 | D:6      | Reached skill level 5 in Short Blades
  4430 | D:6      | Noticed Paps's ghost (novice OpFi)
  4430 | D:6      | Noticed Sassenached's ghost (novice DsFE)
  4431 | D:6      | Noticed dvd's ghost (novice OpEE)
  4445 | D:6      | Learned a level 1 spell: Confusing Touch
  4474 | D:6      | Reached XP level 8. HP: 43/48 MP: 8/8
  4479 | D:6      | Found a sparkling altar of Nemelex Xobeh.
  4524 | D:6      | Found Tosuzuaci's Antique Armour Emporium.
  4541 | D:6      | Found a staircase to the Ecumenical Temple.
  4559 | Temple   | Entered the Ecumenical Temple
  4589 | Temple   | Became a worshipper of Ashenzari the Shackled
  4856 | D:6      | Reached skill level 1 in Spellcasting
  4860 | D:6      | Reached skill level 1 in Hexes
  5483 | D:7      | Reached skill level 5 in Dodging
  5731 | D:7      | Found an iron altar of Okawaru.
  5797 | D:7      | Reached XP level 9. HP: 50/53 MP: 11/11
  5809 | D:7      | Found a snail-covered altar of Cheibriados.
  5844 | D:7      | Reached skill level 6 in Short Blades
  6050 | D:8      | Reached skill level 5 in Fighting
  6324 | D:8      | Reached skill level 5 in Stealth
  7707 | D:8      | Found a sacrificial altar of Ru.
  8065 | D:9      | Reached XP level 10. HP: 60/60 MP: 14/14
  8192 | D:9      | Reached * piety under Ashenzari
  8364 | D:9      | Reached skill level 7 in Short Blades
  8364 | D:9      | Reached skill level 1 in Evocations
  8452 | D:9      | Found Parravut's Magic Scroll Boutique.
  8511 | D:9      | Found a deep blue altar of Sif Muna.
  8663 | D:6      | Bought a pair of warped boots for 294 gold pieces
  8663 | D:6      | Bought a pair of runed gloves for 232 gold pieces
  8668 | D:6      | Identified the +3 pair of boots "Waemn" {rPois} (You bought
                  | it in a shop on level 6 of the Dungeon)
  8847 | D:10     | Entered Level 10 of the Dungeon
  8882 | D:10     | Reached skill level 5 in Armour
  9109 | D:10     | Noticed a centaur warrior
  9127 | D:10     | Killed a centaur warrior
  9758 | D:11     | Noticed a death yak
  9759 | D:11     | Found a staircase to the Lair.
  9759 | D:11     | Noticed a death yak
  9759 | D:11     | Noticed a death yak
  9759 | D:11     | Noticed a death yak
  9786 | D:11     | Killed an unseen horror
  9856 | D:10     | Killed a death yak
  9856 | D:10     | Reached XP level 11. HP: 29/66 MP: 15/17
 10272 | D:11     | Reached skill level 8 in Short Blades
 10321 | D:11     | Noticed a death yak
 10362 | D:11     | Noticed a death yak
 10387 | D:11     | Killed a death yak
 10410 | D:11     | Killed a death yak
 10429 | D:11     | Noticed a white ugly thing
 10453 | D:11     | HP: 3/66 [troll (5)]
 10454 | D:11     | Slain by a troll

Skill      XL: |  1  2  3  4  5  6  7  8  9 10 11 |
---------------+----------------------------------+-----
Short Blades   | 3 4 5 6 7 8 |  8.2
Stealth        | 1 2 3 4 5 6 |  6.9
Armour         | 1 2 3 4 5 |  5.9
Dodging        | 3 4 5 6 7 |  7.4
Fighting       | 3 4 5 6 |  6.7
Spellcasting   | 1 3 4 |  4.2
Hexes          | 1 3 4 |  4.2
Evocations     | 2 |  2.8
Throwing       | |  1.7

Action                   |  1- 3 |  4- 6 |  7- 9 | 10-12 || total
-------------------------+-------+-------+-------+-------++-------
Melee: Rapier            |   116 |   147 |       |       ||   263
       Dagger            |       |    14 |   545 |   351 ||   910
Throw: Throwing net      |       |     2 |     2 |     2 ||     6
 Abil: Evoke Berserk Rag |       |       |     2 |     2 ||     4
Evoke: Wand              |       |       |     3 |       ||     3
  Use: Potion            |       |       |     3 |     4 ||     7
       Scroll            |       |       |       |    14 ||    14
 Stab: Sleeping          |     3 |       |     5 |     3 ||    11
       Held in net/web   |       |     2 |       |     4 ||     6
  Eat: Chunk             |     1 |     8 |    18 |     8 ||    35
       Ration            |       |       |     1 |     1 ||     2
Armor: Leather armour    |    51 |    16 |       |       ||    67
       Scale mail        |       |    32 |   214 |   137 ||   383
Dodge: Dodged            |    74 |    80 |   322 |   169 ||   645
